 Dungeon Crawl Stone Soup version 0.30-a0-879-ga8ba668304 (webtiles) character file.

Game seed: 4194565082130909697

1 Mickster the Chopper (level 1, -6/16 HPs)
             Began as a Hill Orc Wanderer on Mar 13, 2023.
             Mangled by a gnoll
             ... wielding a +0 club
              (7 damage)
             ... on level 1 of the Dungeon.
             The game lasted 00:00:54 (16 turns).

Mickster the Chopper (Hill Orc Wanderer)              Turns: 16, Time: 00:00:54

Health: -6/16      AC:  6    Str: 16    XL:     1   Next: 20%
Magic:  0/2        EV:  9    Int: 12    God:
Gold:   0          SH:  0    Dex:  8    Spells: 1/2 levels left

rFire   . . .      SeeInvis .    a - +2 hand axe
rCold   . . .      Faith    .    (no shield)
rNeg    . . .      Spirit   .    b - +0 scale mail
rPois   .          Reflect  .    (no helmet)
rElec   .          Rampage  .    (no cloak)
rCorr   .                        (no gloves)
Will    .....                    (no boots) Stlth
                                 (no amulet)
HPRegen 0.22/turn                (no ring)
MPRegen 0.08/turn                (no ring)

@: very slightly contaminated
A: no striking features
a: no special abilities


You were on level 1 of the Dungeon.
You visited 1 branch of the dungeon, and saw 1 of its levels.

Inventory:

Hand Weapons
 a - a +2 hand axe (weapon)
Armour
 b - a +0 scale mail (worn)
Potions
 c - a potion of attraction


   Skills:
 + Level 1.2 Fighting
 + Level 4.0 Axes
 + Level 2.1 Armour
 + Level 1.1 Spellcasting
 + Level 1.7 Ice Magic
 + Level 1.2 Invocations


You had one spell level left.
You knew the following spells:

 Your Spells              Type           Power      Damage    Failure   Level
a - Freeze                Ice            16%        1d4       47%         1

Your spell library contained the following spells:

 Spells                   Type           Power      Damage    Failure   Level
 Hailstorm                Conj/Ice       2%         3d3       93%         3


Dungeon Overview and Level Annotations

Branches:
Dungeon (1/15)

Altars:


Message History

Confirm with . or Enter, or press ? or * to list all spells.
Aiming: Freeze (safe; 47% risk of failure)
Press: ? - help, Shift-Dir - straight line, f - gnoll
Aim: a gnoll, wielding a +0 club You freeze the gnoll.
The gnoll is moderately wounded.
The gnoll hits you but does no damage.
Casting: Freeze (safe; 47% risk of failure)
Confirm with . or Enter, or press ? or * to list all spells.
Aiming: Freeze (safe; 47% risk of failure)
Press: ? - help, Shift-Dir - straight line, f/p - gnoll
Aim: a gnoll, wielding a +0 club (moderately wounded)
You miscast Freeze.
You are very lightly contaminated with residual magic.
Nothing appears to happen.
The gnoll barely misses you.
Casting: Freeze (safe; 47% risk of failure)
Confirm with . or Enter, or press ? or * to list all spells.
You don't have enough magic to cast this spell.
You hit the gnoll.
The gnoll is severely wounded.
The gnoll closely misses you.
You closely miss the gnoll.
The gnoll is severely wounded.
You slash the goblin!
You kill the goblin!
The gnoll hits you with a +0 club.
You closely miss the gnoll.
The gnoll is severely wounded.
The gnoll hits you with a +0 club!
Ouch! That really hurt!
You hit the gnoll.
The gnoll is severely wounded.
The gnoll hits you with a +0 club.
* * * LOW HITPOINT WARNING * * *
You barely miss the gnoll.
The gnoll is severely wounded.
You hit the rat.
You kill the rat!
The gnoll hits you with a +0 club!
You die...

#.## ...# ...# #.
#..##... #......
###.... .
##...#######
....##)...#.....#
......g@#.#.....#
.######.#.'..<..+
#.###.....# ..#
#.....# ###
#######


You could see a gnoll.

Vanquished Creatures
  A goblin (D:1)
  A rat (D:1)
2 creatures vanquished.

Notes
Turn   | Place    | Note
-------+----------+-------------------------------------------
     0 | D:1      | Mickster the Hill Orc Wanderer began the quest for the Orb.
     0 | D:1      | Mickster set off with the following items: a +2 hand axe, a
                  | +0 scale mail, a potion of attraction; and the following
                  | spell memorised: Freeze; and the following spells available
                  | to memorise: Hailstorm.
     0 | D:1      | Reached XP level 1. HP: 16/16 MP: 2/2
    16 | D:1      | Mangled by a gnoll

Illustrated notes

Levels and vault maps discovered:
D:1:      minmay_arrival_checkered_box, layout_loops_ring, st_stairs_6

Action                     || total
---------------------------++-------
  Melee: Hand axe          ||     5
   Cast: Freeze            ||     1
 Armour: Scale mail        ||     1
  Dodge: Dodged            ||     2

Table legend: (Time is in decaauts)
 A = Elapsed time spent in this place.
 B = Non-inter-level travel time spent in this place.
 C = Inter-level travel time spent in this place.
 D = Time resting spent in this place.
 E = Time spent auto-exploring this place.
 F = Levels seen in this place.
 G = Mean time per level.
                   A        B        C        D        E       F      G
               +--------+--------+--------+--------+--------+-----+--------+
         Total |     16 |     16 |      0 |      0 |      0 |   1 |   16.0 |
       Dungeon |     16 |     16 |      0 |      0 |      0 |   1 |   16.0 |
               +--------+--------+--------+--------+--------+-----+--------+

Top non-repeatable levels by time:
     D:1: 16 daAuts
